 Dungeon Crawl Stone Soup version 0.23-a0-473-gc8aadda (webtiles) character file.

13 Amnesiac the Digger (level 2, 0/19 (20) HPs)
             Began as a Ghoul Earth Elementalist on Nov 27, 2018.
             Slain by an orc (4 damage)
             ... on level 4 of the Dungeon.
             The game lasted 00:03:21 (982 turns).

Amnesiac the Digger (Ghoul Earth Elementalist)       Turns: 982, Time: 00:03:22

HP:   0/19 (20)     AC:  2    Str: 11    XL:     2   Next: 37%
MP:   2/4           EV: 12    Int: 10    God:
Gold: 36            SH:  0    Dex:  9    Spells: 2/5 levels left

rFire    . . .     SeeInvis .   (no weapon)
rCold    + . .     Gourm    .   (no shield)
rNeg     + + +     Faith    .   c - +0 robe
rPois    ∞         Spirit   .   (no helmet)
rElec    .         Reflect  .   (no cloak)
rCorr    .         Harm     .   (no gloves)
MR       .....                  (no boots)
Stlth    ++........             (no amulet)
HPRegen  0.00/turn              (no ring)
MPRegen  0.09/turn              (no ring)

@: rotting
A: rotting body, claws 1, carnivore, cold resistance 1, negative energy
resistance 3, inhibited regeneration, torment resistance, unbreathing
a: no special abilities


You were on level 4 of the Dungeon.
You were not hungry.

You visited 1 branch of the dungeon, and saw 4 of its levels.

You collected 36 gold pieces.

Inventory:

Missiles
 b - 49 stones (quivered)
Armour
 c - a +0 robe (worn)
 e - a +0 buckler
Scrolls
 a - 3 scrolls of identify {!r, unknown}
Potions
 g - a potion of heal wounds {!q, unknown}
Comestibles
 d - a ration


   Skills:
 - Level 1.7 Dodging
 - Level 2.1 Stealth
 + Level 0.0 Shields
 + Level 2.0 Spellcasting
 - Level 0.8 Transmutations
 * Level 3.8 Earth Magic


You had 2 spell levels left.
You knew the following spells:

 Your Spells              Type           Power        Failure   Level  Hunger
a - Sandblast             Erth           #.....       6%          1    ##.....
b - Passwall              Tmut/Erth      #.......     19%         2    ###....

Your spell library contained the following spells:

 Spells                   Type           Power        Failure   Level  Hunger
 Stone Arrow              Conj/Erth      #.....       38%         3    ####...
 Petrify                  Tmut/Erth      #.......     75%         4    #####..
 Lee's Rapid Deconstruct  Erth           #.........   87%         5    ######.


Dungeon Overview and Level Annotations

Branches:
Dungeon (3/15)

Altars:


Innate Abilities, Weirdness & Mutations

Your body is rotting away.
You thrive on raw meat.
You are immune to poison.
You have sharp fingernails.
You are carnivorous and can eat meat at any time.
Your flesh is cold resistant. (rC+)
You are immune to negative energy. (rN+++)
You do not regenerate when monsters are visible.
You are immune to unholy pain and torment.
You can survive without breathing.


Message History

You see here a +0 club.
You see here a +0 club.
You see here a +0 club.
You see here a +0 club.
You see here a +0 club.
You see here a +0 club.
The orc hits you with a +0 whip.
* * * LOW HITPOINT WARNING * * *
The orc hits you with a +0 whip.
* * * LOW HITPOINT WARNING * * *
You see here a +0 club.
There is an open door here.
Unknown command.
You see here a +0 club.
There is an open door here.
There is a stone staircase leading down here.
There is an open door here.
There is a stone staircase leading down here.
A goblin comes into view.
The goblin shouts!
You hear a shout! x2
The orc hits you with a +0 whip.
* * * LOW HITPOINT WARNING * * *
There is an open door here.
There is a stone staircase leading up here.
You climb upwards.
There is a stone staircase leading down here.
You start resting.
You feel your flesh rotting away.
You start resting.
You start resting.
HP restored.
Okay, then.
You start resting.
HP restored.
There is a stone staircase leading down here.
You climb downwards.
There is a stone staircase leading up here.
Found a dagger.
You now have 36 gold pieces (gained 9).
You fall through a shaft for 2 floors!
The shaft crumbles and collapses.
You hear the hiss of flowing sand.
There is an entrance to an ossuary on this level.
Hurry and find it before the 2 orcs and 2 orc priests come into view.
The orc priest shouts!
The orc shouts!
You hear a bark!
Found a stone staircase leading down.
A leopard gecko skeleton comes into view.
The orc priest invokes the aid of Beogh against you.
Beogh smites you!
Ouch! That really hurt!
* * * LOW HITPOINT WARNING * * *
Casting: Sandblast (safe; 6% risk of failure)
Confirm with . or Enter, or press ? or * to list all spells.
Aiming: Passwall (safe; 19% risk of failure)
Press: ? - help, Dir - move target cursor A rock wall.
The orc closely misses you.
You begin to meditate on the wall.
You continue meditating on the rock.
The orc priest casts a cantrip, but nothing happens.
The orc hits you.
* * * LOW HITPOINT WARNING * * *
You continue meditating on the rock.
The orc hits you.
You die...

######### #
#.......#
#...######.#...#.#
#......@oZo.......
#...######oo..#..#
# >........
.........
..o...##.. ##....#
# ####.# ..


You could see 2 orc priests, 2 orcs and a leopard gecko skeleton.

Vanquished Creatures
  An ooze (D:1)
  A giant cockroach (D:1)
  2 hobgoblins
  A bat (D:1)
  3 kobolds
8 creatures vanquished.

Notes
Turn   | Place    | Note
-------+----------+-------------------------------------------
     0 | D:1      | Amnesiac the Ghoul Earth Elementalist began the quest for
                  | the Orb.
     0 | D:1      | Reached XP level 1. HP: 14/14 MP: 2/2
   215 | D:1      | Reached XP level 2. HP: 16/20 MP: 4/4
   220 | D:1      | Learned a level 2 spell: Passwall
   600 | D:2      | HP: 1/20 [orc/+0 whip (3)]
   975 | D:2      | You fall through a shaft for 2 floors!
   982 | D:4      | Slain by an orc

Vault maps used:
D:1:      ncdulo_halloftheorcs, grunt_decor_mini_mirrors
D:3:      gammafunk_wand_slinger, amethyst_overflow_temple_binary,
          ebering_ghost_sewer_d, first_ration, uniq_crazy_yiuf_cottage,
          uniq_natasha
D:4:      minmay_temple_entry_proselytizer, enter_ossuary_3, uniq_duvessa

Skill      XL: |  1 |
---------------+----+-----
Spellcasting   | 2 |  2.0
Dodging        | |  1.7
Stealth        | |  2.1
Transmutations | |  0.8
Earth Magic    | |  3.8

Action                   || total
-------------------------++-------
Melee: Unarmed           ||    34
 Cast: Sandblast         ||    10
       Passwall          ||     1
 Stab: Sleeping          ||     1
  Eat: Chunk             ||     7
Armor: Robe              ||    10
Dodge: Dodged            ||    22

Table legend:
 A = Non-vault XP
 B = Vault XP
 C = Vault XP percentage of total XP
 D = Non-vault monster count
 E = Vault monster count
 F = Vault count percentage of total count
                 A         B        C        D         E       F
            +---------+---------+-------+---------+---------+-------
      Total |      19 |       0 |   0.0 |       8 |       0 |   0.0
            +---------+---------+-------+---------+---------+-------
        D:1 |      16 |       0 |   0.0 |       6 |       0 |   0.0
        D:2 |       3 |       0 |   0.0 |       2 |       0 |   0.0
            +---------+---------+-------+---------+---------+-------
